 Dungeon Crawl Stone Soup version 0.22.1-2-g9c5b331 (webtiles) character file.

294 HoaS the Ruffian (level 6, -2/39 HPs)
             Began as a Gargoyle Berserker on Dec 28, 2018.
             Was a Follower of Trog.
             Slain by Sigmund
             ... wielding a +0 scythe
              (6 damage)
             ... on level 2 of the Dungeon.
             The game lasted 00:10:30 (2287 turns).

HoaS the Ruffian (Gargoyle Berserker)               Turns: 2287, Time: 00:10:30

Health: -2/39      AC: 14    Str: 20    XL:     6   Next: 33%
Magic:  6/6        EV:  8    Int:  8    God:    Trog [*.....]
Gold:   130        SH:  0    Dex: 11    Spells: 5/5 levels left

rFire    . . .     SeeInvis .     - Unarmed
rCold    . . .     Gourm    .   (no shield)
rNeg     + . .     Faith    .   f - +1 chain mail
rPois    ∞         Spirit   .   (no helmet)
rElec    +         Reflect  .   (no cloak)
rCorr    .         Harm     .   (no gloves)
MR       .....                  (no boots)
Stlth    ..........             (no amulet)
HPRegen  0.13/turn              (no ring)
MPRegen  0.10/turn              (no ring)

@: berserk cooldown, fainting, slowed, very slow
A: negative energy resistance 1, electricity resistance, unbreathing,
petrification resistance, rot immunity, AC +4
a: Berserk, Renounce Religion


You were on level 2 of the Dungeon.
You worshipped Trog.
Trog was aware of your devotion.
You were fainting.

You visited 1 branch of the dungeon, and saw 3 of its levels.

You collected 130 gold pieces.

Inventory:

Armour
 f - a +1 chain mail (worn)
Potions
 c - a potion of ambrosia {unknown}
 d - a potion of might {unknown}
 h - 2 potions of cancellation {unknown}
Comestibles
 b - 3 rations


   Skills:
 + Level 4.7 Fighting
 + Level 3.9 Armour
 - Level 1.5 Dodging
 * Level 5.3 Unarmed Combat


You had 5 spell levels left.
You didn't know any spells.
Your spell library was empty.

Dungeon Overview and Level Annotations

Branches:
Dungeon (3/15)

Altars:

Annotations:
D:2 Sigmund


Innate Abilities, Weirdness & Mutations

You are resistant to torment.
Your stone body is resilient. (AC +4)
You are immune to poison.
You resist negative energy. (rN+)
You are resistant to electric shocks. (rElec)
You can survive without breathing.
You are immune to petrification.
You are immune to rotting.


Message History

* * * LOW HITPOINT WARNING * * *
You miss something. Something hits you but does no damage.
You completely miss something.
You hear some strange, mumbled words.
A magic dart appears from out of thin air!
The magic dart hits you! Something hits you but does no damage.
You closely miss something. You barely miss something.
Something hits you but does no damage.
You closely miss something. Something hits you.
* * * LOW HITPOINT WARNING * * *
You hit something but do no damage.
You are fainting from starvation!
Something hits you but does no damage.
You miss something. Something hits you.
* * * LOW HITPOINT WARNING * * *
You hit something but do no damage.
Sigmund appears from thin air!
Reactivating autopickup.
Sigmund says, "Look into my eyes."
Sigmund hits you with a scythe.
You die...

### ## #########.. ..
#......##.#
###.######.####.##.# #.
..........# #.##.# #.#
#.######(####.##.## #.#
#...(((...@@K.).>.# #.#
#((####..#######........
##.# #..# #..# #........
#..# #..####..#
#.####.##
.#.####........# #.# #
..>......#####.# #..
.#.#####.# #.# #..
.........# #.# #..
##.#####.#


You could see Sigmund and a kobold.

Vanquished Creatures
  Grinder (D:3)
  3 adders
  3 oozes (D:1)
  A leopard gecko (D:2)
  4 orcs (D:3)
  A giant cockroach (D:3)
  5 goblins
  4 hobgoblins
  5 jackals (D:3)
  3 quokkas
  A ball python (D:1)
  10 bats
  4 kobolds (D:3)
  8 rats
53 creatures vanquished.

Notes
Turn   | Place    | Note
-------+----------+-------------------------------------------
     0 | D:1      | HoaS the Gargoyle Berserker began the quest for the Orb.
     0 | D:1      | Reached XP level 1. HP: 14/14 MP: 1/1
   146 | D:1      | Reached XP level 2. HP: 19/19 MP: 2/2
   817 | D:2      | Reached XP level 3. HP: 22/23 MP: 3/3
  1074 | D:2      | Noticed Sigmund
  1355 | D:3      | Reached ** piety under Trog
  1454 | D:3      | Reached skill level 4 in Unarmed Combat
  1456 | D:3      | Reached XP level 4. HP: 29/29 MP: 4/4
  1636 | D:3      | Noticed Grinder
  1642 | D:3      | Paralysed by Grinder for 2 turns
  1699 | D:3      | Paralysed by Grinder for 7 turns
  1719 | D:3      | Killed Grinder
  1719 | D:3      | Reached skill level 5 in Unarmed Combat
  1719 | D:3      | Reached XP level 5. HP: 17/34 MP: 5/5
  1719 | D:3      | Reached XP level 6. HP: 20/39 MP: 6/6
  2287 | D:2      | Slain by Sigmund

Skill      XL: |  1  2  3  4 |
---------------+-------------+-----
Unarmed Combat | 4 5 |  5.3
Armour         | 3 |  3.9
Fighting       | 4 |  4.7
Dodging        | |  1.5

Action                   |  1- 3 |  4- 6 || total
-------------------------+-------+-------++-------
Melee: Unarmed           |   129 |   127 ||   256
       Punch             |       |     3 ||     3
Invok: Trog's Hand       |       |     3 ||     3
       Berserk           |       |     1 ||     1
  Use: Scroll            |     4 |     1 ||     5
  Eat: Chunk             |     2 |     2 ||     4
Armor: Animal skin       |    11 |       ||    11
       Ring mail         |    39 |    50 ||    89
       Chain mail        |       |    20 ||    20
Dodge: Dodged            |   100 |    64 ||   164
